 Dungeon Crawl Stone Soup version 0.31.0-12-g77e489cdc1 (webtiles) character file.

Game seed: 12364058056175059765

284 KennySheep the Chopper (level 6, 56/56 HPs)
             Began as a Hill Orc Monk on Mar 2, 2024.
             Was an Initiate of Yredelemnul.
             Got out of the dungeon alive.
             The game lasted 00:05:10 (2357 turns).

KennySheep the Chopper (Hill Orc Monk)              Turns: 2357, Time: 00:05:11

Health: 56/56      AC:  7    Str: 16    XL:     6   Next: 29%
Magic:  8/8        EV: 10    Int: 10    God:    Yredelemnul [......]
Gold:   157        SH:  0    Dex: 13    Spells: 5/5 levels left

rFire   . . .        a - +0 hand axe
rCold   . . .        d - orb {light}
rNeg    . . .        j - +0 scale mail
rPois   +            (no helmet)
rElec   .            (no cloak)
rCorr   .            u - +0 pair of gloves
SInv    .            (no boots)
Will    .....        (no amulet) Stlth
                     f - ring of poison resistance
HPRegen 0.29/turn    t - ring of flight
MPRegen 0.11/turn

%: no passive effects
@: flying, glowing
A: no striking features
a: Renounce Religion, Recall Undead Harvest


You escaped.
You worshipped Yredelemnul.
Yredelemnul was noncommittal.
You visited 1 branch of the dungeon, and saw 3 of its levels.

You collected 157 gold pieces.

Inventory:

Hand Weapons
 a - a +0 hand axe (weapon)
Armour
 d - an orb of light (worn)
 j - a +0 scale mail (worn)
 u - a +0 pair of gloves (worn)
Jewellery
 f - a ring of poison resistance (left hand)
 t - a ring of flight (right hand)
Wands
 o - a wand of roots (10)
 v - a wand of flame (33)
Scrolls
 e - a scroll of vulnerability {unknown}
 g - a scroll of blinking {unknown}
 h - 2 scrolls of identify {unknown}
 i - a scroll of torment {unknown}
 l - a scroll of fear {unknown}
 n - a scroll of poison {unknown}
 p - a scroll of immolation {unknown}
 s - a scroll of revelation {unknown}
Potions
 b - a potion of haste {unknown}
 c - a potion of ambrosia
 k - a potion of curing {unknown}
 m - a potion of degeneration {unknown}
 q - a potion of invisibility {unknown}
 r - a potion of might {unknown}
 w - a potion of berserk rage {unknown}


   Skills:
 + Level 5.2 Fighting
 * Level 7.2 Axes
 - Level 2.4 Dodging
 + Level 3.0 Invocations


You had 5 spell levels left.
You didn't know any spells.
Your spell library was empty.

Dungeon Overview and Level Annotations

Branches:
Dungeon (3/15)

Altars:
Yredelemnul


Message History

The hobgoblin shouts!
A hobgoblin is nearby!
A hobgoblin is nearby!
The hobgoblin hits you.
You barely miss the hobgoblin. The hobgoblin barely misses you.
Your adder zombie bites the hobgoblin but does no damage.
You slash the hobgoblin!
You kill the hobgoblin!
You can now trade souls for undead servants.
No target in view!
You swap places.
There is a stone staircase leading up here.
You fly upwards.
Your mindless puppet stays behind to rot.
You can no longer trade souls for undead servants.
There is a stone staircase leading down here.
There is a stone staircase leading up here.
You fly upwards.
There is a stone staircase leading down here.
A quokka is nearby!
The quokka bites you but does no damage.
You hit the quokka.
The quokka is almost dead.
The quokka misses you.
You hit the quokka but do no damage.
The quokka is almost dead.
The quokka bites you but does no damage.
You closely miss the quokka.
The quokka is almost dead.
The quokka closely misses you.
You barely miss the quokka.
The quokka is almost dead.
The quokka bites you.
You hit the quokka.
You kill the quokka!
No target in view!
You swap places.
HP restored.
There is a staircase leading out of the dungeon here.
You have escaped!

##.#.##§§§§# #§§.##
#.#.##§§§.## ##§§.#
#.#.##§§§§.## ##....#
#)#.##......### ###.....#
#.#.###.......####......##
#.#.# #.................# #...#
##...............##
###'#####......Z......##
#......###....@....############
#......#######8######....##....
#.........###########.##.#.....
#......##..............#.#.....
######.###.#.####.######.......
#.###.#.####........##....
#.....#......#.......#.###
#####...##......#.........###
........).......#####........


You could see a friendly quokka zombie.

Vanquished Creatures
  Sigmund (D:3)
  A scorpion (D:3)
  3 adders
  A dart slug (D:2)
  5 bats
  4 endoplasms
  2 giant cockroaches (D:2)
  3 goblins
  5 hobgoblins
  4 quokkas
  4 frilled lizards
  6 kobolds
39 creatures vanquished.

Vanquished Creatures (collateral kills)
  An adder (D:3)
  A ball python (D:3)
  A bat (D:3)
3 creatures vanquished.

Vanquished Creatures (others)
  A bat zombie (D:3)
1 creature vanquished.

Grand Total: 43 creatures vanquished

Notes
Turn   | Place    | Note
-------+----------+-------------------------------------------
     0 | D:1      | KennySheep the Hill Orc Monk began the quest for the Orb.
     0 | D:1      | Reached XP level 1. HP: 19/19 MP: 1/1
   260 | D:1      | Reached XP level 2. HP: 18/27 MP: 2/2
   663 | D:2      | Reached skill level 5 in Axes
   671 | D:2      | Reached XP level 3. HP: 19/33 MP: 3/3
  1516 | D:3      | Noticed Sigmund
  1659 | D:3      | Noticed a scorpion
  1781 | D:3      | Found a basalt altar of Yredelemnul.
  1789 | D:3      | Became a worshipper of Yredelemnul the Dark
  1789 | D:3      | Reached * piety under Yredelemnul
  1789 | D:3      | Reached ** piety under Yredelemnul
  1960 | D:3      | Reached XP level 4. HP: 41/41 MP: 4/4
  2058 | D:3      | Killed Sigmund
  2059 | D:3      | Reached skill level 5 in Fighting
  2059 | D:3      | Reached skill level 6 in Axes
  2059 | D:3      | Reached XP level 5. HP: 25/48 MP: 4/6
  2121 | D:3      | Reached *** piety under Yredelemnul
  2122 | D:3      | Reached skill level 7 in Axes
  2122 | D:3      | Reached XP level 6. HP: 50/56 MP: 6/8
  2357 | D:$      | Got out of the dungeon alive.

Illustrated notes

Levels and vault maps discovered:
D:1:      heliophobic_arrival_dark_side_of_the_moon, layout_basic
D:2:      layout_basic
D:3:      layout_basic, overflow_temple_1_default,
          gammafunk_temple_overflow_elements, uniq_sigmund

Skill      XL: |  1  2  3  4  5 |
---------------+----------------+-----
Fighting       | 4 5 |  5.2
Axes           | 5 6 7 |  7.2
Invocations    | 2 3 |  3.0
Dodging        | |  2.4

Action                     |  1- 3 |  4- 6 || total
---------------------------+-------+-------++-------
  Melee: Hand axe          |   120 |    25 ||   145
   Stab: Distracted        |       |     1 ||     1
 Armour: Robe              |    20 |       ||    20
         Scale mail        |    81 |    12 ||    93
  Dodge: Dodged            |    63 |    10 ||    73
